[Event "Titled Tuesday Blitz July 25 Late 2023"]
[White "Ladan, Nicholas"]
[Black "Vifleemskaia, Svetlana"]
[WhiteFideId "30918855"]
[BlackFideId "4129490"]
[WhiteElo "2431"]
[BlackElo "2333"]
[Result "1-0"]
[Round "10"]
[TimeControl "180+2"]
[Date "2023.07.25"]
[WhiteClock "0:01:46"]
[BlackClock "0:00:45"]
[Board "81"]

1. d4 Nf6 2. c4 e6 3. Nf3 Bb4+ 4. Bd2 Qe7 5. g3 O-O 6. Bg2 Bxd2+ 7. Nbxd2 d5 8. O-O b6 9. cxd5 exd5 10. Rc1 c6 11. Ne5 Bb7 12. Qb3 Qd6 13. Ndf3 Nbd7 14. h3 Rfc8 15. Qe3 h6 16. Nh4 Re8 17. Nf5 Qe6 18. g4 Nxe5 19. dxe5 Qxe5 20. Qxe5 Rxe5 21. Nd6 Ba6 22. Rxc6 Rxe2 23. b4 Rxa2 24. b5 Rd8 25. bxa6 Rxa6 26. f4 d4 27. g5 Ne8 28. Nxe8 Rxe8 29. Bd5 Ra5 30. Bc4 Re3 31. g6 Rc5 32. Rxc5 bxc5 33. gxf7+ Kf8 34. Rb1 1-0


[Site "https://www.chess.com"]

[Event "Titled Tuesday Blitz July 25 Late 2023"]
[White "Arnold, Ken"]
[Black "Kostiukov, Alexandr"]
[WhiteFideId "2056836"]
[BlackFideId "14108100"]
[WhiteElo "2428"]
[BlackElo "2330"]
[Result "0-1"]
[Round "10"]
[TimeControl "180+2"]
[Date "2023.07.25"]
[WhiteClock "0:00:00"]
[BlackClock "0:00:16"]
[Board "82"]

1. d4 g6 2. c4 Bg7 3. Nf3 d6 4. Nc3 e5 5. dxe5 dxe5 6. Qxd8+ Kxd8 7. Bg5+ f6 8. O-O-O+ Nd7 9. Be3 Bh6 10. Bxh6 Nxh6 11. h3 c6 12. e3 Ke7 13. g4 Nf7 14. Bg2 Nc5 15. b4 Ne6 16. h4 a5 17. b5 Nc5 18. g5 f5 19. bxc6 bxc6 20. h5 Be6 21. Nh4 e4 22. hxg6 Nxg5 23. gxh7 Rxh7 24. Ng6+ Kf6 25. Rxh7 Nxh7 26. Nf4 Bxc4 27. Rd6+ Be6 28. Rxc6 Rc8 29. Ncd5+ Ke5 30. Rxc8 Bxc8 31. Kd2 Ba6 32. Nc7 Bc4 33. a3 Nf6 34. Kc3 Bf7 35. Nb5 Ng4 36. Kd2 Nxf2 37. Bf1 Nb3+ 38. Kc3 Ng4 39. Ng2 Nc5 40. Nd4 Ne6 41. Nxe6 Bxe6 42. Kd2 Bd5 43. Nf4 Bf7 44. Be2 Nf6 45. Bb5 Nd5 46. Nxd5 Bxd5 47. Be2 f4 48. exf4+ Kxf4 49. Bb5 Kf3 50. Ke1 Ke3 51. Be2 Bb3 52. Bb5 Bc2 53. Bc6 Bd3 54. Bd5 Kd4 55. Bc6 e3 56. Bf3 Kc3 0-1


[Site "https://www.chess.com"]

[Event "Titled Tuesday Blitz July 25 Late 2023"]
[White "Mendez Machado, Andre"]
[Black "Vega Gutierrez, Sabrina"]
[WhiteFideId "6603793"]
[BlackFideId "2219026"]
[WhiteElo "2289"]
[BlackElo "2426"]
[Result "0-1"]
[Round "10"]
[TimeControl "180+2"]
[Date "2023.07.25"]
[WhiteClock "0:00:29"]
[BlackClock "0:02:18"]
[Board "83"]

1. e4 c5 2. Nc3 Nc6 3. Bb5 Nd4 4. Nf3 a6 5. Bd3 Nc6 6. O-O e6 7. Nd5 d6 8. Ne3 Nf6 9. c3 Be7 10. Bc2 O-O 11. d4 cxd4 12. cxd4 d5 13. e5 Ne4 14. Nd2 Nxd2 15. Qxd2 Qb6 16. Qd3 g6 17. Ng4 Qxd4 18. Qh3 Nxe5 19. Nh6+ Kh8 20. Be3 Qh4 21. Bd4 Qxd4 0-1


[Site "https://www.chess.com"]

[Event "Titled Tuesday Blitz July 25 Late 2023"]
[White "EsmeraldasAnderson03"]
[Black "Chemin, Justo Reinaldo"]
[BlackFideId "2101580"]
[WhiteElo "2424"]
[BlackElo "2274"]
[Result "1-0"]
[Round "10"]
[TimeControl "180+2"]
[Date "2023.07.25"]
[WhiteClock "0:01:25"]
[BlackClock "0:00:25"]
[Board "84"]

1. d4 d5 2. Nf3 c6 3. c4 e6 4. cxd5 exd5 5. Nc3 Nf6 6. Qc2 Bd6 7. Bg5 h6 8. Bh4 Be6 9. e3 Nbd7 10. Bd3 Qc7 11. O-O Rc8 12. a3 a6 13. b4 b5 14. Ne2 Be7 15. Nc1 Nb6 16. Nb3 Nc4 17. Bg3 Qa7 18. Nc5 a5 19. Nxe6 fxe6 20. Bg6+ Kf8 21. Ne5 axb4 22. axb4 Qb7 23. Rfb1 Nd7 24. Nd3 Nf6 25. Nf4 Qd7 26. Ra6 e5 27. Bf5 Qb7 28. Bxc8 Qxc8 29. Ng6+ Kf7 30. Nxh8+ Qxh8 31. dxe5 Ne4 32. Rxc6 Nxg3 33. hxg3 Nxe5 34. Qf5+ Bf6 35. Qe6+ Kg6 36. Qxe5 Qa8 37. Qxd5 Qa2 38. Qxa2 1-0


[Site "https://www.chess.com"]

[Event "Titled Tuesday Blitz July 25 Late 2023"]
[White "Herman, Daniel"]
[Black "Cardozo Munar, Carlos Eduardo"]
[WhiteFideId "30935008"]
[BlackFideId "4409477"]
[WhiteElo "2417"]
[BlackElo "2271"]
[Result "1-0"]
[Round "10"]
[TimeControl "180+2"]
[Date "2023.07.25"]
[WhiteClock "0:01:00"]
[BlackClock "0:01:24"]
[Board "85"]

1. e4 e6 2. d4 d5 3. Nc3 Nf6 4. e5 Nfd7 5. f4 c5 6. Nf3 Nc6 7. Be3 Qb6 8. Na4 Qa5+ 9. c3 b5 10. Nxc5 Nxc5 11. dxc5 b4 12. Qd2 Bxc5 13. Bxc5 Qxc5 14. cxb4 Qxb4 15. Rc1 Qxd2+ 16. Kxd2 Bd7 17. Bb5 Nxe5 18. Nxe5 Bxb5 19. Rc7 O-O 20. Rhc1 g6 21. Rb7 a6 22. Rcc7 Be8 23. b4 h5 24. Nxg6 Bb5 25. Nxf8 Rxf8 26. g3 Kg7 27. Ra7 Kf6 28. Ke3 Kg6 29. Kd4 f6 30. Rh7 Be2 31. a4 Rc8 32. Raf7 Rc4+ 33. Ke3 Bg4 34. Rhg7+ Kf5 35. Rg5# 1-0


[Site "https://www.chess.com"]

[Event "Titled Tuesday Blitz July 25 Late 2023"]
[White "Sariego Figueredo, Wilfredo"]
[Black "Willy, Stephen"]
[WhiteFideId "3500080"]
[BlackFideId "30981468"]
[WhiteElo "2265"]
[BlackElo "2412"]
[Result "0-1"]
[Round "10"]
[TimeControl "180+2"]
[Date "2023.07.25"]
[WhiteClock "0:00:28"]
[BlackClock "0:01:14"]
[Board "86"]

1. d4 c6 2. Nc3 b5 3. a3 d6 4. e4 Nf6 5. Bf4 Nbd7 6. e5 Nd5 7. Nxd5 cxd5 8. Bd3 dxe5 9. dxe5 e6 10. Nf3 Be7 11. O-O O-O 12. Bxb5 Rb8 13. Bxd7 Bxd7 14. b3 Qc7 15. Nd4 Rfc8 16. Qg4 Qc3 17. Bh6 Bf8 18. Rad1 a5 19. Rd3 Qc5 20. Rg3 g6 21. Bg5 Bg7 22. Bf6 Qxa3 23. Rh3 Bxf6 24. exf6 Qf8 25. Nf3 Rb4 26. Qg5 Rxc2 27. Ne5 Bb5 28. Ra1 a4 29. bxa4 Rxa4 30. Rxa4 Bxa4 31. Rh4 Qc5 32. Nd3 Re2 33. Rxa4 Qxf2+ 34. Nxf2 Re1# 0-1


[Site "https://www.chess.com"]

[Event "Titled Tuesday Blitz July 25 Late 2023"]
[White "Francisco_Ferrari"]
[Black "Ai, Evan"]
[BlackFideId "2094770"]
[WhiteElo "2235"]
[BlackElo "2407"]
[Result "0-1"]
[Round "10"]
[TimeControl "180+2"]
[Date "2023.07.25"]
[WhiteClock "0:00:11"]
[BlackClock "0:00:10"]
[Board "87"]

1. e4 c5 2. Nf3 d6 3. d4 cxd4 4. Nxd4 Nf6 5. Nc3 a6 6. h3 e5 7. Nde2 h5 8. Bg5 Be6 9. Bxf6 Qxf6 10. Nd5 Bxd5 11. Qxd5 Nc6 12. O-O-O Qxf2 13. Nc3 g6 14. Bc4 Bh6+ 15. Kb1 O-O 16. Rhf1 Qc5 17. Rxf7 Qxd5 18. Rxf8+ Kxf8 19. Nxd5 b5 20. Bb3 Ra7 21. Rf1+ Kg7 22. c3 a5 23. a4 b4 24. cxb4 axb4 25. Ka2 Nd4 26. Nxb4 Rb7 27. Nd5 Nxb3 28. Rf3 Nc5 29. b3 Nxe4 30. Rd3 Nc5 31. Rf3 e4 32. Rc3 Bd2 33. Rc2 e3 34. Nc3 Bxc3 35. Rxc3 e2 36. Re3 Nxb3 37. Ka3 Nd4 38. a5 Nc2+ 39. Ka2 Nxe3 40. Ka3 Ra7 41. a6 e1=Q 42. Ka4 Rxa6+ 43. Kb5 Qa5# 0-1


[Site "https://www.chess.com"]

[Event "Titled Tuesday Blitz July 25 Late 2023"]
[White "Eggleston, Thomas A"]
[Black "Winkels, Marcel"]
[WhiteFideId "412139"]
[BlackFideId "1003887"]
[WhiteElo "2407"]
[BlackElo "2087"]
[Result "0-1"]
[Round "10"]
[TimeControl "180+2"]
[Date "2023.07.25"]
[WhiteClock "0:00:03"]
[BlackClock "0:00:04"]
[Board "88"]

1. e4 c5 2. Nf3 e6 3. g3 Nf6 4. Qe2 d6 5. Bg2 Nc6 6. O-O Be7 7. c3 O-O 8. d4 cxd4 9. cxd4 d5 10. e5 Ne4 11. Be3 Qb6 12. Rd1 Bd7 13. h4 Rfc8 14. Ne1 Nb4 15. a4 Qc6 16. Kh2 Nc2 17. Nxc2 Qxc2 18. Qxc2 Rxc2 19. f3 Nf2 20. Bxf2 Rxf2 21. Nd2 Bb4 22. Nf1 Rxb2 23. Rdc1 Bc6 24. Ne3 h6 25. Rc2 Rxc2 26. Nxc2 Ba5 27. Bf1 Rc8 28. Ra2 Bd7 29. Bb5 Bxb5 30. axb5 b6 31. f4 Rc7 32. Kg2 h5 33. Kf2 g6 34. Ke2 Kf8 35. Ne3 Rc3 36. Rc2 Rb3 37. Rc8+ Kg7 38. Rc7 Rxb5 39. Rxa7 Rb2+ 40. Kf3 Rb3 41. Ra6 Bd2 42. Ke2 Bxe3 43. Ra4 Bc1 44. Kd1 Ba3 45. Kc2 Rxg3 46. Kd2 Be7 47. Ra6 Bxh4 48. Rxb6 Rf3 49. Ke2 Rxf4 50. Rb4 Re4+ 51. Kf3 Bg5 52. Ra4 h4 53. Kg2 Re3 54. Kf2 h3 55. Kg1 Bf4 56. Ra2 h2+ 57. Kg2 Re1 58. Kf3 h1=Q+ 59. Kxf4 Qf1+ 60. Kg5 Qg1+ 61. Kf4 Re4+ 62. Kf3 Qf1+ 63. Kg3 Qe1+ 64. Kf3 Re3+ 65. Kf4 Re2 66. Ra3 Qf2+ 67. Kg4 Re4+ 68. Kh3 Rh4# 0-1


[Site "https://www.chess.com"]

[Event "Titled Tuesday Blitz July 25 Late 2023"]
[White "Butolo, Alexandru-Mircea"]
[Black "Bueno, Alfeu Junior Varela"]
[WhiteFideId "1261649"]
[BlackFideId "2108879"]
[WhiteElo "1879"]
[BlackElo "2397"]
[Result "0-1"]
[Round "10"]
[TimeControl "180+2"]
[Date "2023.07.25"]
[WhiteClock "0:00:00"]
[BlackClock "0:00:04"]
[Board "89"]

1. e4 e6 2. d4 d5 3. exd5 exd5 4. Bd3 Nc6 5. c3 Bd6 6. Nf3 Bg4 7. O-O Qd7 8. Nbd2 h5 9. Qe1+ Nge7 10. Ne5 Nxe5 11. dxe5 Bc5 12. Nb3 Bb6 13. Be3 O-O-O 14. a4 Bf5 15. a5 Bxd3 16. axb6 a6 17. Nc5 Qb5 18. bxc7 Kxc7 19. c4 dxc4 20. e6 Bxf1 21. exf7 Bd3 22. Bf4+ Kb6 23. Qe6+ Nc6 24. Be3 Qxc5 25. Bxc5+ Kxc5 26. Qe3+ Kb5 27. Qg5+ Kb6 28. Qe3+ Kc7 29. Qf4+ Kc8 30. Re1 Rhf8 31. Qf3 Bg6 32. Re6 Rxf7 33. Rxc6+ bxc6 34. Qxc6+ Rc7 35. Qxa6+ Rb7 36. Qc6+ Kb8 37. h3 Bd3 38. Qc5 Rdd7 39. Qxh5 Kc8 40. Qe8+ Kc7 41. Qe5+ Kc6 42. Qe6+ Kc5 43. Qe5+ Rd5 44. Qe7+ Rxe7 0-1


[Site "https://www.chess.com"]

[Event "Titled Tuesday Blitz July 25 Late 2023"]
[White "Graham, Nathaniel"]
[Black "Jaskolka, Tomasz"]
[WhiteFideId "2007983"]
[BlackFideId "1170791"]
[WhiteElo "2061"]
[BlackElo "2520"]
[Result "0-1"]
[Round "10"]
[TimeControl "180+2"]
[Date "2023.07.25"]
[WhiteClock "0:00:00"]
[BlackClock "0:01:28"]
[Board "90"]

1. e4 d6 2. d4 Nd7 3. Nf3 Ngf6 4. e5 dxe5 5. dxe5 Ng4 6. e6 fxe6 7. Ng5 Nde5 8. Qxd8+ Kxd8 9. h3 Nf6 10. f4 h6 11. fxe5 hxg5 12. exf6 exf6 13. Bc4 Bc5 14. Nc3 Ke7 15. Ke2 a6 16. Be3 Bd6 17. Ne4 Be5 18. c3 b5 19. Bb3 Bb7 20. Bc2 f5 21. Bxg5+ Kf7 22. Rhf1 Kg6 23. Bf4 Bxf4 24. Rxf4 Bxe4 25. Bxe4 fxe4 26. Rxe4 Rhe8 27. Rd1 Re7 28. Rd3 Rf8 29. Rg3+ Kh7 30. Rf3 Rxf3 31. Kxf3 Kg6 32. Rf4 Rd7 33. Ke3 Rd1 34. Rf2 c5 35. Ke4 Re1+ 36. Kd3 a5 37. Re2 Ra1 38. Rxe6+ Kf5 39. Rc6 c4+ 40. Kc2 Rg1 41. Rc5+ Ke4 42. Rxb5 Rxg2+ 43. Kc1 a4 44. a3 Rh2 45. Rg5 Rxh3 46. Rxg7 Kd3 47. Rd7+ Ke3 48. Rd4 Rh2 49. Rxc4 Kd3 50. Rd4+ Ke3 51. Rxa4 Kd3 52. Rd4+ Ke3 53. Rd7 Ke4 54. Kb1 Ke5 55. a4 Ke6 56. Rd4 Rh5 57. Ka2 Ke5 58. Ka3 Rh8 59. b4 Rc8 60. Kb3 Ra8 61. a5 Rh8 62. Rd1 Rh2 63. a6 Re2 0-1


[Site "https://www.chess.com"]

[Event "Titled Tuesday Blitz July 25 Late 2023"]
[White "Petesch, Gabriel"]
[Black "Xia, Brandon"]
[WhiteFideId "2032465"]
[BlackFideId "30921880"]
[WhiteElo "2551"]
[BlackElo "2343"]
[Result "0-1"]
[Round "10"]
[TimeControl "180+2"]
[Date "2023.07.25"]
[WhiteClock "0:00:03"]
[BlackClock "0:00:38"]
[Board "91"]

1. Nf3 g6 2. h4 h6 3. h5 g5 4. e4 d6 5. d4 Bg7 6. Bc4 e6 7. Be3 a6 8. a4 b6 9. Nbd2 Bb7 10. c3 Nd7 11. Qe2 Ngf6 12. Bd3 Qe7 13. Nh2 c5 14. b4 c4 15. Bc2 b5 16. f3 O-O 17. g4 e5 18. d5 Rfb8 19. Nhf1 Ne8 20. Ng3 Bf8 21. Kf2 Qf6 22. Kg2 Nc7 23. Ndf1 Qd8 24. Nf5 Kh7 25. Qd2 f6 26. Ra2 Ne8 27. Bf2 Nb6 28. N1e3 Bc8 29. Rha1 Bd7 30. axb5 axb5 31. Ra5 Rxa5 32. bxa5 Nc8 33. Bd1 Ra8 34. Be2 Rxa5 35. Qb2 Na7 36. Nxc4 Rxa1 37. Qxa1 Nc8 38. Na5 Qc7 39. Nc6 Bxc6 40. dxc6 Qxc6 41. Qa2 d5 42. exd5 Qxc3 43. d6 Ncxd6 44. Nxd6 Nxd6 45. Qa7+ Kh8 46. Qb8 Qc8 47. Qb6 Qb7 48. Qd8 Qf7 49. Bc5 Qe7 50. Qb8 e4 51. Kf2 exf3 52. Bxf3 Ne4+ 53. Bxe4 Qxc5+ 54. Kg2 Qb4 55. Qb7 Qd2+ 56. Kf3 Qc3+ 57. Ke2 Qc4+ 58. Bd3 Qe6+ 59. Kd2 Be7 60. Bf5 Bb4+ 61. Kd3 Qc4+ 62. Ke3 Bc5+ 63. Kd2 Qd4+ 64. Bd3 Qe3+ 65. Kc2 Qf2+ 66. Kb3 Kg8 67. Qh7+ Kf8 68. Qh8+ Ke7 69. Qg7+ Kd6 70. Qf8+ Ke5 71. Qb8+ Kd4 72. Qxb5 Qe3 73. Qc4+ Ke5 74. Kc2 Qf2+ 75. Kb3 Qd4 76. Qc2 Qb4+ 77. Ka2 Qa3+ 78. Kb1 Kf4 79. Qc4+ Kg3 80. Kc2 Be3 81. Kd1 Qa1+ 82. Ke2 Qg1 83. Qe4 Qf2+ 84. Kd1 Qd2# 0-1


[Site "https://www.chess.com"]

[Event "Titled Tuesday Blitz July 25 Late 2023"]
[White "Der_Balak_3Halak"]
[Black "AndresDelgado77"]
[WhiteElo "2388"]
[BlackElo "2329"]
[Result "0-1"]
[Round "10"]
[TimeControl "180+2"]
[Date "2023.07.25"]
[WhiteClock "0:00:15"]
[BlackClock "0:00:07"]
[Board "92"]

1. b3 d5 2. Bb2 Bf5 3. Nf3 Nd7 4. d3 h6 5. Nbd2 Ngf6 6. g3 e6 7. Bg2 c6 8. O-O Be7 9. Re1 Bh7 10. e4 O-O 11. Qe2 a5 12. a4 dxe4 13. dxe4 Nc5 14. Rad1 Qb6 15. Nc4 Qa6 16. Nfd2 Rfd8 17. e5 Nd5 18. Ne4 Nxe4 19. Bxe4 Bxe4 20. Qxe4 b5 21. Ne3 bxa4 22. bxa4 Bb4 23. Rf1 Nxe3 24. Qxe3 Qc4 25. Qb6 Rxd1 26. Rxd1 Qxc2 27. Rd8+ Rxd8 28. Qxd8+ Kh7 29. Bd4 Qb1+ 30. Kg2 Qe4+ 31. Kg1 Qd5 32. Qxd5 exd5 33. f4 Kg6 34. g4 c5 35. Bb2 d4 36. f5+ Kh7 37. Kf2 d3 38. Ke3 c4 39. Bd4 Kg8 40. h4 Kf8 41. g5 hxg5 42. hxg5 g6 43. f6 Ke8 44. e6 fxe6 45. Bb6 Kf7 46. Bd4 Ke8 47. Be5 Kf7 48. Bf4 d2 49. Ke2 c3 50. Kd1 Bc5 51. Kc2 Bd4 52. Bc7 e5 53. Bxa5 e4 54. Bc7 e3 55. Bf4 e2 56. Bxd2 cxd2 57. Kxd2 Be3+ 58. Kxe2 Bxg5 59. a5 Bxf6 60. Kd3 Bd8 61. a6 Bb6 62. Ke4 Ke6 63. Kf4 Kf6 64. Kg4 g5 65. Kf3 Kf5 66. Kg3 g4 67. Kg2 Ba7 68. Kg3 Kg5 69. Kg2 Kf4 70. Kh1 Kf3 71. Kh2 g3+ 72. Kh3 g2 73. Kh4 g1=Q 74. Kh5 Kf4 75. Kh6 Kf5 76. Kh7 Kf6 77. Kh8 Qg7# 0-1


[Site "https://www.chess.com"]

[Event "Titled Tuesday Blitz July 25 Late 2023"]
[White "Vaglio Munoz, Jaime"]
[Black "Topalov, Aleksandar"]
[WhiteFideId "6500145"]
[BlackFideId "925659"]
[WhiteElo "2259"]
[BlackElo "2352"]
[Result "0-1"]
[Round "10"]
[TimeControl "180+2"]
[Date "2023.07.25"]
[WhiteClock "0:00:00"]
[BlackClock "0:00:54"]
[Board "93"]

1. e4 e6 2. d4 d5 3. Nc3 Bb4 4. e5 Qd7 5. Bd2 b6 6. Nce2 Be7 7. c3 Ba6 8. b4 h5 9. a4 Bc4 10. b5 a6 11. Nf4 Bxf1 12. Kxf1 g6 13. bxa6 Rxa6 14. Nge2 Nc6 15. h4 Nh6 16. Nd3 Nf5 17. g3 Na5 18. Kg2 Nc4 19. Bc1 b5 20. a5 Rxa5 21. Rxa5 Nxa5 22. Qc2 Nc4 23. Qa2 O-O 24. Bg5 Rb8 25. g4 hxg4 26. Bxe7 Qxe7 27. h5 g5 28. h6 Kh7 29. Ng3 Nxg3 30. fxg3 Ne3+ 31. Kf2 Nf5 32. Nc5 b4 33. Rb1 Qf8 34. Qc2 Qxh6 35. Kg1 Qh3 36. Rf1 Qxg3+ 37. Kh1 Kg7 38. Rxf5 Rh8+ 0-1


[Site "https://www.chess.com"]

[Event "Titled Tuesday Blitz July 25 Late 2023"]
[White "Osiecki, Stanislaw"]
[Black "kiwibobo"]
[WhiteFideId "1102990"]
[WhiteElo "2069"]
[BlackElo "2346"]
[Result "0-1"]
[Round "10"]
[TimeControl "180+2"]
[Date "2023.07.25"]
[WhiteClock "0:00:00"]
[BlackClock "0:00:53"]
[Board "94"]

1. e4 e5 2. Nf3 Nc6 3. Bb5 a6 4. Bxc6 dxc6 5. O-O Qd6 6. d3 Ne7 7. Be3 Ng6 8. Nbd2 f6 9. h3 Be6 10. Nc4 Qd7 11. Qe2 Be7 12. a4 O-O 13. a5 c5 14. Rfd1 Qb5 15. b3 Qc6 16. c3 b6 17. axb6 cxb6 18. d4 Qxe4 19. Nxb6 Rab8 20. dxc5 Nf4 21. Qxa6 Bxh3 22. Bxf4 Qxf4 23. Qc4+ Qxc4 24. Nxc4 Be6 25. Ra7 Bxc5 26. Rc7 Rfc8 27. Rxc8+ Rxc8 28. Nfd2 Rd8 29. Ra1 Rd3 30. b4 Bxc4 31. Nxc4 Rxc3 32. bxc5 Rxc4 33. Ra8+ Kf7 34. Rc8 h5 35. f3 g6 36. c6 Ke6 37. Kh2 Kf5 38. Kg3 e4 39. fxe4+ Kxe4 40. c7 Rc3+ 41. Kh2 Kf5 42. g3 Kg5 43. Kg2 Rc2+ 44. Kh3 Kf5 45. Ra8 Rxc7 0-1


[Site "https://www.chess.com"]

[Event "Titled Tuesday Blitz July 25 Late 2023"]
[White "Novikova, Margarita"]
[Black "Estrada Nieto, Julian"]
[WhiteFideId "14109689"]
[BlackFideId "5101018"]
[WhiteElo "2187"]
[BlackElo "2453"]
[Result "0-1"]
[Round "10"]
[TimeControl "180+2"]
[Date "2023.07.25"]
[WhiteClock "0:00:04"]
[BlackClock "0:00:15"]
[Board "95"]

1. e4 e5 2. Nf3 Nc6 3. Bc4 Bc5 4. c3 Nf6 5. d4 exd4 6. cxd4 Bb4+ 7. Bd2 Bxd2+ 8. Nbxd2 d5 9. exd5 Nxd5 10. O-O O-O 11. Rc1 Bg4 12. h3 Bh5 13. Qb3 Na5 14. Qc2 Nxc4 15. Qxc4 c6 16. Ne5 Nf4 17. Ndf3 Qd5 18. Qxd5 Nxd5 19. g4 Bg6 20. Nxg6 hxg6 21. Ne5 g5 22. Kh2 Rfe8 23. a3 Rad8 24. b4 f6 25. Nf3 Re2 26. Kg3 a6 27. Rfe1 Rde8 28. Rxe2 Rxe2 29. Rb1 Nc3 30. Rf1 Ra2 31. Re1 Ne2+ 32. Kh2 Nf4 33. Kg3 Kf7 34. Re3 Nd5 35. Rb3 Nf4 36. h4 Ne2+ 37. Kg2 gxh4 38. Nxh4 Nxd4 39. Rd3 Ne6 40. Rd7+ Ke8 41. Rxb7 Rxa3 42. Nf5 Nf4+ 43. Kh2 g5 44. Nd6+ Kd8 45. Ne4 Nd5 46. Nc5 Kc8 47. Rf7 Ra2 48. Kg1 Nxb4 49. Rxf6 Rc2 50. Nb3 c5 51. Rf5 Nd3 52. Rxg5 c4 53. Nd4 Rxf2 54. Rg8+ Kd7 55. g5 Rf4 56. Nc2 Rg4+ 57. Kf1 Ne5 58. Ne3 Rg3 59. Nf5 Rf3+ 60. Ke2 Rxf5 61. g6 Nxg6 62. Rg7+ Ne7 0-1


[Site "https://www.chess.com"]

[Event "Titled Tuesday Blitz July 25 Late 2023"]
[White "Reprintsev, Alexander"]
[Black "Sarkar, Justin"]
[WhiteFideId "14100541"]
[BlackFideId "2010011"]
[WhiteElo "2398"]
[BlackElo "2233"]
[Result "1-0"]
[Round "10"]
[TimeControl "180+2"]
[Date "2023.07.25"]
[WhiteClock "0:01:33"]
[BlackClock "0:00:00"]
[Board "96"]

1. e4 c5 2. b3 Nc6 3. Bb2 d6 4. Bb5 Bd7 5. Ne2 Nf6 6. f3 e5 7. c3 Be7 8. d4 cxd4 9. cxd4 Qa5+ 10. Nbc3 exd4 11. Nxd4 Nxd4 12. Bxd7+ Nxd7 13. Qxd4 Bf6 14. Qd2 Rc8 15. Nd1 Qxd2+ 16. Kxd2 O-O 17. Bxf6 Nxf6 18. Ne3 Rc6 19. Rac1 Rfc8 20. Rxc6 Rxc6 21. Rd1 Kf8 22. Kd3 g6 23. g4 h5 24. g5 Nd7 25. f4 Nc5+ 26. Kd4 Ne6+ 27. Kd3 Nxf4+ 28. Kd2 Nh3 29. Nc4 Nxg5 30. Ke3 Ke7 31. h4 Ne6 32. a4 b6 33. Na3 Nc5 34. Nb5 Nxb3 35. Nxa7 Rc3+ 36. Kf4 Nc5 37. Nb5 Rc4 38. Nxd6 Rxa4 39. Nc8+ Kf8 40. Rd8+ Kg7 41. Re8 Ne6+ 42. Ke5 Ra5+ 43. Kd6 Ra4 44. Ke5 Ra5+ 45. Kd6 Ra4 46. e5 Rd4+ 47. Ke7 1-0


[Site "https://www.chess.com"]

[Event "Titled Tuesday Blitz July 25 Late 2023"]
[White "Pasti, Aron"]
[Black "Ardila, Oscar Humberto"]
[WhiteFideId "785857"]
[BlackFideId "4404742"]
[WhiteElo "2395"]
[BlackElo "2231"]
[Result "0-1"]
[Round "10"]
[TimeControl "180+2"]
[Date "2023.07.25"]
[WhiteClock "0:00:00"]
[BlackClock "0:00:14"]
[Board "97"]

1. e4 e5 2. Nf3 Nf6 3. d4 Nxe4 4. dxe5 d5 5. exd6 Nxd6 6. Be2 Be7 7. Nc3 O-O 8. O-O Bf5 9. Bf4 Nc6 10. Qd2 Ne4 11. Nxe4 Bxe4 12. Qc3 Bf6 13. Qb3 Nd4 14. Nxd4 Qxd4 15. c3 Qc5 16. Be3 Qf5 17. Rad1 Qg6 18. f3 Bc6 19. Bb5 Be5 20. Bxc6 Qxc6 21. Qd5 Qf6 22. f4 Bd6 23. Qxb7 Rab8 24. Qxa7 Rxb2 25. Bd4 Qg6 26. Rf2 Rxf2 27. Bxf2 Bxf4 28. Qd4 Bd6 29. Qe3 Qh5 30. Rxd6 cxd6 31. Qd2 d5 32. h3 Rb8 33. Bg3 Rb1+ 34. Kh2 Qd1 35. Qxd1 Rxd1 36. Bd6 d4 37. cxd4 Rxd4 38. Bc5 Rc4 39. Be7 f5 40. a3 Kf7 41. Bb4 Ke6 42. Kg3 g5 43. Bd2 h6 44. Bb4 Kd5 45. Bf8 Rc6 46. Bb4 Ke4 47. a4 Rc4 48. Bf8 h5 49. a5 h4+ 50. Kh2 Ra4 51. Be7 g4 52. hxg4 fxg4 53. Bxh4 Rxa5 54. Bf2 Ra2 55. Kg3 Kf5 56. Bb6 Ra3+ 57. Kf2 Rb3 58. Bc5 Ke4 59. Ba7 Kf4 60. Bc5 Rb2+ 61. Kg1 Ke4 62. Bd6 Rd2 0-1


[Site "https://www.chess.com"]

[Event "Titled Tuesday Blitz July 25 Late 2023"]
[White "The_Straightforward_Rook"]
[Black "Lopez Perdomo, Juan David"]
[BlackFideId "4405137"]
[WhiteElo "2384"]
[BlackElo "2218"]
[Result "1-0"]
[Round "10"]
[TimeControl "180+2"]
[Date "2023.07.25"]
[WhiteClock "0:01:28"]
[BlackClock "0:00:00"]
[Board "98"]

1. Nf3 e6 2. c4 d6 3. d4 Nf6 4. Nc3 b6 5. g3 Bb7 6. Bg2 a6 7. O-O Be7 8. Qc2 c5 9. d5 exd5 10. Nh4 g6 11. Bh6 Ng4 12. Qd2 Bxh4 13. gxh4 Qxh4 14. Bf4 O-O 15. Bxd6 Nc6 16. Bg3 Qh5 17. Nxd5 Rad8 18. h3 Nge5 19. Nf6+ Kh8 20. Qxd8 Rxd8 21. Nxh5 Nxc4 22. Nf6 Kg7 23. Ne4 Nd4 24. Nc3 Nxb2 25. Bxb7 b5 26. Rab1 1-0


[Site "https://www.chess.com"]

[Event "Titled Tuesday Blitz July 25 Late 2023"]
[White "Villarreal, Agustin"]
[Black "Quirke, Jeffrey"]
[WhiteFideId "125687"]
[BlackFideId "2013029"]
[WhiteElo "2339"]
[BlackElo "2199"]
[Result "0-1"]
[Round "10"]
[TimeControl "180+2"]
[Date "2023.07.25"]
[WhiteClock "0:00:00"]
[BlackClock "0:00:58"]
[Board "99"]

1. e4 e6 2. d4 d5 3. Nd2 dxe4 4. Nxe4 Bd7 5. Nf3 Bc6 6. Bd3 Nd7 7. O-O Ngf6 8. Ng3 g6 9. c3 Bg7 10. Re1 O-O 11. Ne5 Nxe5 12. dxe5 Nd7 13. Bf4 Nc5 14. Re3 Qe7 15. Qe2 a5 16. Rd1 Rfd8 17. Ne4 Nxe4 18. Bxe4 Rxd1+ 19. Qxd1 Rd8 20. Qe2 Qc5 21. Bxc6 Qxc6 22. Rd3 Rd5 23. h3 h6 24. Qd2 Qd7 25. Rxd5 Qxd5 26. Qe3 g5 27. Bg3 Qxa2 28. Qa7 Qxb2 29. Qb8+ Kh7 30. Qxc7 a4 31. Qxf7 a3 32. Qxe6 Qb1+ 33. Kh2 a2 0-1


[Site "https://www.chess.com"]

[Event "Titled Tuesday Blitz July 25 Late 2023"]
[White "Winslow, Elliott"]
[Black "Zhou, Qiyu"]
[WhiteFideId "2002523"]
[BlackFideId "505161"]
[WhiteElo "2192"]
[BlackElo "2330"]
[Result "0-1"]
[Round "10"]
[TimeControl "180+2"]
[Date "2023.07.25"]
[WhiteClock "0:00:00"]
[BlackClock "0:00:03"]
[Board "100"]

1. d4 Nf6 2. c4 e6 3. Nf3 b6 4. Nc3 Bb7 5. a3 Be7 6. d5 O-O 7. e4 d6 8. h3 e5 9. g4 c6 10. Be2 cxd5 11. cxd5 Na6 12. b4 Nc7 13. Be3 Nd7 14. Qd2 a5 15. Rb1 axb4 16. axb4 Ba6 17. b5 Bb7 18. Na2 Nc5 19. Bxc5 bxc5 20. Nc3 Ra5 21. g5 Qa8 22. h4 Ra3 23. h5 Qa5 24. Nd1 Qa4 25. Bd3 Ra2 26. Rb2 Rxb2 27. Qxb2 Rb8 28. Nc3 Qa5 29. Ke2 Bc8 30. Ra1 Qb6 31. Na4 Qb7 32. b6 Na8 33. Qb5 Bd7 34. Qa5 Bxa4 35. Rxa4 Nxb6 36. Ra2 Ra8 37. Qd2 Rxa2 38. Qxa2 Qa8 39. Qb2 Qa5 40. g6 fxg6 41. hxg6 hxg6 42. Nd2 Bg5 43. Nc4 Nxc4 44. Bxc4 Qb4 45. Qxb4 cxb4 0-1


[Site "https://www.chess.com"]

[Event "Titled Tuesday Blitz July 25 Late 2023"]
[White "Oliveira, Tiago Batista"]
[Black "Yolosz"]
[WhiteFideId "2108291"]
[WhiteElo "2174"]
[BlackElo "2323"]
[Result "1/2-1/2"]
[Round "10"]
[TimeControl "180+2"]
[Date "2023.07.25"]
[WhiteClock "0:00:09"]
[BlackClock "0:00:06"]
[Board "101"]

1. d4 d5 2. c4 c6 3. g3 Nf6 4. Bg2 e6 5. Nf3 dxc4 6. O-O Nbd7 7. Nbd2 Bb4 8. Qc2 O-O 9. Nxc4 a5 10. Rd1 b5 11. Nce5 Bb7 12. Nxc6 Qb6 13. Nxb4 axb4 14. Bd2 Rac8 15. Qb3 Rc4 16. Bxb4 Rfc8 17. e3 Nd5 18. Be1 h5 19. a3 g6 20. Nd2 Rc2 21. Ne4 Nxe3 22. Qxe3 Rxb2 23. Rac1 Rcc2 24. Rxc2 Rxc2 25. Rd2 Rc1 26. Re2 Qc7 27. Nd2 Nf6 28. Bxb7 Qxb7 29. Nf3 Qc7 30. Ne5 Nd5 31. Qf3 Nc3 32. Re3 Nd5 33. Rb3 Rxe1+ 34. Kg2 b4 35. axb4 Rd1 36. b5 Rxd4 37. b6 Qb7 38. Rd3 Rxd3 39. Qxd3 Qxb6 40. Qf3 Qc7 41. Ng4 Qe7 42. Ne5 Kg7 43. Nd3 Qf6 44. Nf4 Nxf4+ 45. gxf4 Qf5 46. Kg3 Kh6 47. Qe3 g5 48. f3 gxf4+ 49. Qxf4+ Qxf4+ 50. Kxf4 Kg6 51. Ke5 Kg5 52. f4+ Kg6 53. h4 Kg7 54. f5 exf5 55. Kxf5 Kf8 56. Kg5 Kg7 57. Kxh5 f6 58. Kg4 Kh6 59. h5 f5+ 60. Kxf5 Kxh5 1/2-1/2


[Site "https://www.chess.com"]